 Dungeon Crawl Stone Soup version 0.31-a0-1163-gcee99d1eea (webtiles) character file.

Game seed: 14301782772150809538

404274 Merkmiralles the Axe Maniac (level 22, -8/224 HPs)
             Began as a Minotaur Berserker on Dec 9, 2023.
             Was the Champion of Trog.
             Mangled by a crystal echidna (11 damage)
             ... on level 4 of a ziggurat.
             The game lasted 01:38:23 (44960 turns).

Merkmiralles the Axe Maniac (Minotaur Berserker)   Turns: 44960, Time: 01:38:25

Health: -8/224     AC: 42    Str: 30    XL:     22   Next: 2%
Magic:  21/21      EV: 19    Int:  5    God:    Trog [******]
Gold:   4009       SH:  0    Dex: 16    Spells: 21/21 levels left

rFire   + . .        y - +7 executioner's axe (spect)
rCold   + . .        (shield currently unavailable)
rNeg    . . .        x - +18 Lear's hauberk
rPois   +            (helmet currently unavailable)
rElec   +            d - +2 cloak {rPois}
rCorr   +            (gloves currently unavailable)
SInv    .            (boots currently unavailable)
Will    +++..        A - necklace of Bloodlust {Fury *Rage Will++ Int-3 Slay+6}
Stlth   +            K - ring of Ifeic {Fly rPois rF- Dex+3 Stlth+}
HPRegen 0.57/turn    C - ring "Ocliduat" {rF+ AC+4 Int+4}
MPRegen 0.17/turn

%: random rage (50%)
@: resistant, flying
A: horns 2, retaliatory headbutt
}: 3/15 runes: barnacled, silver, gossamer
a: Renounce Religion, Berserk, Trog's Hand, Brothers in Arms


You were on level 4 of a ziggurat.
You worshipped Trog.
Trog was exalted by your worship.
You visited 7 branches of the dungeon, and saw 35 of its levels.
You visited 1 bazaar.
You visited 1 ziggurat, and saw 4 of its levels.

You collected 5568 gold pieces.
You spent 1559 gold pieces at shops.

Inventory:

Hand Weapons
 y - a +7 spectral executioner's axe (weapon)
 R - a +5 antimagic battleaxe
Missiles
 k - 2 throwing nets
Armour
 d - a +2 cloak of poison resistance (worn)
 s - the orb of Purpose {*Rage, rC+ Str+6}
   (You found it on level 4 of the Spider Nest)

   Str+6:     It affects your strength (+6).
   rC+:       It protects you from cold.
 x - the +18 Lear's hauberk (worn)
   (You found it on level 10 of the Dungeon)
Jewellery
 h - an amulet of reflection
 i - a ring of protection from cold
 p - a +4 ring of protection
 r - the ring of Vulyih {Wiz Str+3 SInv}
   (You took it off a vault sentinel on level 5 of the Vaults)

   [ring of wizardry]

   Wiz:       It improves your spell success rate.
   Str+3:     It affects your strength (+3).
   SInv:      It lets you see invisible.
 w - a +6 ring of dexterity
 A - the necklace of Bloodlust (around neck) {Fury *Rage Will++ Int-3 Slay+6}
   (You bought it in a shop on level 1 of the Vaults)

   [amulet of nothing]

   Fury:      It extends the wearer's berserk rage when killing foes.
   Int-3:     It affects your intelligence (-3).
   Slay+6:    It affects your accuracy & damage with ranged weapons and melee
   (+6).
   Will++:    It greatly increases your willpower.
   *Rage:     It berserks you when you make melee attacks (+50% chance).
 C - the ring "Ocliduat" (right hand) {rF+ AC+4 Int+4}
   (You found it on level 11 of the Dungeon)

   [ring of protection]

   AC+4:      It affects your AC (+4).
   Int+4:     It affects your intelligence (+4).
   rF+:       It protects you from fire.
 H - a ring of fire
 K - the ring of Ifeic (left hand) {Fly rPois rF- Dex+3 Stlth+}
   (You bought it in a shop on level 1 of the Vaults)

   [ring of poison resistance]

   Dex+3:     It affects your dexterity (+3).
   rF-:       It makes you vulnerable to fire.
   rPois:     It protects you from poison Fly: It grants you flight.
   Stlth+:    It makes you more stealthy.
 P - a +6 ring of strength
 U - a ring of flight
Wands
 g - a wand of iceblast (49)
 t - a wand of charming (23)
 D - a wand of flame (29)
 F - a wand of acid (19)
 J - a wand of polymorph (22)
 V - a wand of mindburst (23)
 W - a wand of digging (6)
Scrolls
 a - 8 scrolls of vulnerability
 c - 10 scrolls of revelation
 e - 28 scrolls of identify (quivered)
 f - 18 scrolls of teleportation
 m - 4 scrolls of butterflies
 o - 2 scrolls of poison
 u - 8 scrolls of fog
 E - 6 scrolls of enchant weapon
 G - 4 scrolls of enchant armour
 N - 3 scrolls of amnesia
 O - a scroll of silence
 Q - 5 scrolls of blinking
 S - 2 scrolls of brand weapon
 Y - a scroll of immolation
 Z - 7 scrolls of fear
Potions
 b - 4 potions of enlightenment
 j - 4 potions of haste
 l - 4 potions of cancellation
 n - 10 potions of magic
 q - 4 potions of attraction
 v - 3 potions of berserk rage
 z - 11 potions of mutation
 B - 8 potions of curing
 I - 5 potions of lignification
 L - 7 potions of might
 T - 3 potions of resistance
 X - 2 potions of ambrosia


   Skills:
 + Level 24.4 Fighting
 O Level 27 Axes
 * Level 22.8 Armour
 * Level 18.4 Dodging
 - Level 4.9 Stealth
 - Level 7.3 Shields


You had 21 spell levels left.
You didn't know any spells.
Your spell library was empty.

Dungeon Overview and Level Annotations

Branches:
Dungeon (15/15)            Temple (0/1) D:5            Lair (5/5) D:10
 Shoals (4/4) Lair:2       Spider (4/4) Lair:3        Slime (0/5) Lair:5
    Orc (0/2) D:12         Vaults (5/5) D:13          Crypt (1/3) Vaults:2
 Depths (1/4) D:15

Altars:
Cheibriados
Dithmenos
Elyvilon
Fedhas
Gozag
Hepliaklqana
Nemelex Xobeh
Qazlal
Ru
Trog
Wu Jian
Xom
Jiyva

Shops:
D:4 *   D:8 =   D:9 ?   D:15 *   Vaults:1 =(   Vaults:4 [   Vaults:5 (

Portals:
Hell: Depths:1
Abyss: Depths:1


Innate Abilities, Weirdness & Mutations

You have a pair of horns on your head.
You reflexively headbutt those who attack you in melee.


Message History

The crystal echidna flicks its quills at you.
The crystal bolt freezes the Hell Sentinel.
The Hell Sentinel completely resists.
The crystal bolt freezes you!!!
* * * LOW HITPOINT WARNING * * *
You feel protected. The Hell Sentinel hits you.
* * * LOW HITPOINT WARNING * * *
The Hell Sentinel hits you but does no damage.
You are more confused.
You feel more invigorated. The Hell Sentinel closely misses you.
The Hell Sentinel hits you but does no damage.
Okay, then.
The Hell Sentinel hits you!!
* * * LOW HITPOINT WARNING * * *
The Hell Sentinel completely misses you.
The crystal echidna attacks as it pursues you!
The crystal echidna barely misses you.
You feel better.
You feel less invigorated.
You recover from your berserk rage.
The Hell Sentinel closely misses you.
The Hell Sentinel hits you but does no damage.
The crystal echidna misses you.
You feel better. The Hell Sentinel hits you.
* * * LOW HITPOINT WARNING * * *
The Hell Sentinel hits you but does no damage.
The crystal echidna misses you. The Hell Sentinel hits you!
* * * LOW HITPOINT WARNING * * *
The Hell Sentinel hits you but does no damage.
You feel better. The Hell Sentinel gestures at you. The iron shot hits you!!
* * * LOW HITPOINT WARNING * * *
The crystal echidna flicks its quills at you.
The crystal bolt misses you.
You feel better. The Hell Sentinel closely misses you. You furiously retaliate!
You headbutt the Hell Sentinel! The Hell Sentinel hits you!
* * * LOW HITPOINT WARNING * * *
The crystal echidna bites you!
You die...

▓▓▓▓▓▓▓▓▓
▓.......▓
▓▓▓.......▓▓▓
▓...........▓
▓/.@r.......▓
▓∩?.1.......▓
▓>=........∩▓
▓∩/.........▓
▓...........▓
▓...........▓
▓▓▓.......▓▓▓
▓.......▓
▓▓▓▓▓▓▓▓▓


You could see a Hell Sentinel and a crystal echidna.

Vanquished Creatures
  Sojobo (Vaults:3)
  Bai Suzhen (Vaults:2)
  A golden dragon (Vaults:5)
  Nikola (Shoals:3)
  Norris (Vaults:2)
  Arachne (Spider:3)
  Zenata (Vaults:3)
  4 tentacled monstrosities (Vaults:5)
  3 liches
  Asterion (Vaults:3)
  A kraken (Shoals:2)
  4 titans (Vaults:5)
  Polyphemus (Shoals:4)
  The ghost of Sadicadict the Wallflower, an adept HOFi of Uskayaw (Spider:1)
  5 sphinxes
  The ghost of Wyvric the Marksdemigod, an adept DgHu (Lair:2)
  5 storm dragons
  3 shadow dragons (Vaults:5)
  Gastronok (D:11)
  9 tengu reavers
  Aizul (Shoals:1)
  2 fire giants
  8 vault wardens
  A quicksilver elemental (Zig:4)
  5 frost giants
  4 emperor scorpions (Spider:4)
  2 iron dragons
  A fenstrider witch (Zig:1)
  The ghost of Tinttamiau the Skirmisher, a journeyman HuAr of Ashenzari (D:15)
  7 ghost moths
  5 orc warlords
  A ghoul (Vaults:2)
  A draconian shifter (Zig:2)
  17 ironbound preservers
  4 broodmothers
  3 war gargoyles
  8 stone giants
  7 ironbound thunderhulks
  18 very ugly things
  3 formless jellyfish
  A vampire knight (Vaults:2)
  2 bunyips (Zig:3)
  A purple draconian (Zig:2)
  20 dire elephants
  3 spark wasps
  A deep elf annihilator (D:15)
  Snorg (D:11)
  5 merfolk javelineers (Shoals:4)
  An entropy weaver (shapeshifter) (D:13)
  A crystal guardian (Vaults:4)
  6 ettins
  A fire dragon (D:15)
  A deep elf death mage (Vaults:5)
  6 merfolk impalers (Shoals:4)
  2 jiangshi (Depths:1)
  16 yaktaur captains
  6 entropy weavers
  29 vault guards
  Fannar (D:10)
  5 great orbs of eyes
  3 ogre magi
  Erolcha (D:10)
  9 hydras
  3 ice dragons (Depths:1)
  2 rakshasas (D:15)
  3 peacekeepers (Vaults:4)
  Erica (Lair:2)
  2 merfolk avatars
  9 boulder beetles
  3 merfolk aquamancers
  4 radroaches
  3 catoblepae
  7 ironbound frosthearts
  13 centaur warriors
  20 death yaks
  A death knight (D:15)
  8 two-headed ogres
  3 satyrs (Shoals:4)
  5 demonic crawlers
  3 tengu warriors
  2 vampire magi
  An occultist (Depths:1)
  3 orc high priests (Vaults:4)
  A deep troll earth mage (D:15)
  Urug (Lair:4)
  2 spriggan berserkers (Depths:1)
  Nergalle (D:11)
  A fire crab (shapeshifter) (Vaults:4)
  2 spriggans (Depths:1)
  A crystal echidna (Zig:4)
  Amaemon (Lair:2)
  A sun moth (Spider:2)
  9 skysharks
  6 pharaoh ants
  48 deep trolls
  5 sea snakes
  Lodul (D:10)
  13 orb spiders
  A swamp dragon (Zig:3)
  A glowing orange brain (shapeshifter) (D:15)
  3 death drakes (shapeshifter)
  A swamp dragon (shapeshifter) (Vaults:5)
  17 lindwurms
  13 orc knights
  3 steelbarb worms
  A flayed ghost (Depths:1)
  20 wolf spiders
  23 harpies
  A deep elf archer (D:13)
  6 arcanists
  2 phantasmal warriors
  12 ironbound convokers
  An anaconda skeleton (Crypt:1)
  3 deep elf pyromancers
  3 necromancers
  10 fauns
  A fire giant zombie (Vaults:4)
  58 ugly things
  A cyclops (shapeshifter) (Vaults:5)
  A manticore (shapeshifter) (D:12)
  6 cyclopes
  14 manticores
  4 merfolk sirens
  3 black mambas
  10 elephants
  A torpor snail (shapeshifter) (Vaults:5)
  11 water nymphs
  15 cane toads
  Joseph (D:8)
  16 vault sentinels
  4 torpor snails
  3 gargoyles
  A human zombie (Vaults:4)
  An orange demon (Lair:2)
  Maggie (D:7)
  An elf skeleton (Vaults:3)
  45 yaktaurs
  Psyche (D:8)
  A yaktaur zombie (Vaults:3)
  2 unseen horrors (D:12)
  2 kobold demonologists (D:11)
  5 rime drakes
  10 komodo dragons
  An efreet (D:15)
  6 tengu conjurers
  A freezing wraith (D:14)
  3 meliai (Spider:1)
  4 trolls (D:12)
  19 merfolk
  A glass eye (shapeshifter) (Vaults:5)
  17 tarantellas
  6 wind drakes
  4 blink frogs (Lair:4)
  7 hornets
  11 snapping turtles
  12 dream sheep
  21 slime creatures
  2 shadows
  13 culicivoras
  A vampire (D:9)
  A fire giant simulacrum (Vaults:3)
  6 air elementals
  4 flying skulls (Crypt:1)
  23 jumping spiders
  6 wraiths
  3 wyverns
  19 water elementals
  A steam dragon (D:8)
  42 yaks
  6 basilisks
  4 neqoxecs (D:15)
  2 humans (D:13)
  3 wargs (D:12)
  47 redbacks
  Menkaure (D:6)
  12 vampire mosquitoes
  Edmund (D:6)
  3 acid dragons
  An ogre zombie (Vaults:4)
  9 water moccasins
  3 orc warriors
  3 black bears
  An ice beast (D:6)
  A sky beast (D:7)
  An elephant zombie (Lair:3)
  12 ogres
  8 centaurs
  3 boggarts (D:12)
  16 wolves
  A phantom (D:5)
  11 bullfrogs
  4 scorpions
  2 gnoll sergeants
  A human skeleton (Vaults:3)
  5 wights
  3 killer bees (D:10)
  6 electric eels
  3 howler monkeys (D:8)
  3 jellies (D:6)
  2 quasits (D:15)
  A hound (D:6)
  7 orc priests
  A basilisk zombie (Lair:3)
  7 iguanas
  3 gnoll boudas
  A sleepcap (D:6)
  11 orc wizards
  8 hell rats
  21 gnolls
  9 adders
  A shadow imp (D:5)
  2 worms
  3 dart slugs
  25 orcs
  5 endoplasms
  A giant cockroach (D:1)
  9 goblins
  4 hobgoblins
  3 jackals (D:5)
  8 kobolds
  A quokka (D:1)
  2 ball pythons (D:2)
  9 bats
  5 frilled lizards
  4 rats
  A spectral weapon (Vaults:3)
  3 tentacles (Shoals:2)
1363 creatures vanquished.

Vanquished Creatures (collateral kills)
  An ettin (D:15)
  A catoblepas (Shoals:4)
  A death yak (Lair:5)
  A water elemental (Shoals:4)
  A neqoxec (D:15)
5 creatures vanquished.

Vanquished Creatures (others)
  A deep troll (Vaults:1)
  A merfolk (Shoals:4)
  28 spectral weapons
  6 tentacles (Shoals:2)
36 creatures vanquished.

Grand Total: 1404 creatures vanquished

Notes
Turn   | Place    | Note
-------+----------+-------------------------------------------
     0 | D:1      | Merkmiralles the Minotaur Berserker began the quest for the
                  | Orb.
     0 | D:1      | Reached XP level 1. HP: 19/19 MP: 0/0
    95 | D:1      | Reached skill level 4 in Axes
    95 | D:1      | Reached XP level 2. HP: 24/27 MP: 1/1
   264 | D:1      | Reached ** piety under Trog
   294 | D:1      | Reached XP level 3. HP: 34/34 MP: 2/2
   716 | D:2      | Reached skill level 5 in Axes
   716 | D:2      | Reached XP level 4. HP: 33/41 MP: 3/3
   722 | D:2      | Reached skill level 5 in Fighting
   973 | D:2      | Reached XP level 5. HP: 38/48 MP: 4/4
  1448 | D:3      | Reached skill level 6 in Axes
  1467 | D:3      | Reached *** piety under Trog
  1593 | D:3      | Found a shimmering altar of Xom.
  1692 | D:3      | Found a faded altar of an unknown god.
  2221 | D:4      | Found a snail-covered altar of Cheibriados.
  2350 | D:4      | Found Jurue's CLEARANCE SALE!.
  2353 | D:4      | Bought a potion of heal wounds for 20 gold pieces
  2752 | D:5      | Entered Level 5 of the Dungeon
  2761 | D:5      | Reached XP level 6. HP: 50/57 MP: 5/5
  2772 | D:5      | Reached skill level 7 in Axes
  3054 | D:5      | Reached skill level 8 in Axes
  3054 | D:5      | Reached XP level 7. HP: 58/64 MP: 6/6
  3200 | D:5      | Found a staircase to the Ecumenical Temple.
  3527 | D:5      | Identified 2 scrolls of acquirement
  3527 | D:5      | Acquired a +6 executioner's axe of flaming
  3530 | D:5      | Acquired 976 gold pieces
  3570 | D:6      | Found an ornate altar of the Wu Jian Council.
  3574 | D:6      | Found a sacrificial altar of Ru.
  3677 | D:6      | Reached skill level 9 in Axes
  3893 | D:6      | Reached XP level 8. HP: 73/73 MP: 7/7
  3941 | D:6      | Reached **** piety under Trog
  3946 | D:6      | Reached skill level 10 in Axes
  4126 | D:6      | Noticed Menkaure
  4131 | D:6      | Killed Menkaure
  4272 | D:6      | Found a blossoming altar of Fedhas.
  4272 | D:6      | Found a hazy altar of Hepliaklqana.
  4429 | D:6      | Noticed Edmund
  4434 | D:6      | Killed Edmund
  4435 | D:6      | Reached skill level 11 in Axes
  4825 | D:7      | Noticed a gargoyle
  4826 | D:7      | Noticed Maggie
  4835 | D:6      | Killed a gargoyle
  4952 | D:7      | Killed Maggie
  4953 | D:7      | Reached skill level 5 in Armour
  4953 | D:7      | Reached XP level 9. HP: 73/81 MP: 8/8
  5002 | D:7      | Found a bloodstained altar of Trog.
  5032 | D:7      | Reached skill level 12 in Axes
  5746 | D:8      | Noticed a two-headed ogre
  5754 | D:8      | Killed a two-headed ogre
  5755 | D:8      | Reached skill level 13 in Axes
  5822 | D:8      | Reached XP level 10. HP: 74/91 MP: 9/9
  5847 | D:8      | Noticed Psyche
  5851 | D:8      | Killed Psyche
  6169 | D:8      | Found a shadowy altar of Dithmenos.
  6226 | D:8      | Noticed Joseph
  6233 | D:8      | Killed Joseph
  6282 | D:8      | Found Rac Hais's Jewellery Shop.
  6490 | D:9      | Reached skill level 14 in Axes
  6624 | D:9      | Reached ***** piety under Trog
  6627 | D:9      | Reached skill level 5 in Dodging
  6842 | D:9      | Reached skill level 15 in Axes
  7004 | D:9      | Noticed a brown ugly thing
  7009 | D:9      | Killed a brown ugly thing
  7180 | D:9      | Found Covole's Magic Scroll Emporium.
  7188 | D:9      | Bought a scroll of identify for 30 gold pieces
  7188 | D:9      | Bought a scroll of identify for 30 gold pieces
  7188 | D:9      | Bought a scroll of identify for 30 gold pieces
  7188 | D:9      | Bought a scroll of identify for 30 gold pieces
  7227 | D:10     | Entered Level 10 of the Dungeon
  7227 | D:10     | Noticed Erolcha
  7231 | D:10     | Killed Erolcha
  7232 | D:10     | Reached XP level 11. HP: 99/99 MP: 10/10
  7235 | D:10     | Reached skill level 10 in Fighting
  7318 | D:10     | Found a staircase to the Lair.
  7331 | D:10     | Noticed Lodul
  7557 | D:10     | Killed Lodul
  7710 | D:10     | Noticed Fannar
  7716 | D:10     | Killed Fannar
  7717 | D:10     | Reached skill level 16 in Axes
  7813 | D:10     | Found an opulent altar of Gozag.
  7813 | D:10     | Found a sparkling altar of Nemelex Xobeh.
  8183 | D:10     | Noticed a tengu warrior
  8189 | D:10     | Killed a tengu warrior
  8215 | D:10     | Found the +18 Lear's hauberk
  8335 | D:11     | Identified the +2 robe of the Moon {rCorr MP+9}
  8341 | D:11     | Noticed a two-headed ogre
  8346 | D:11     | Noticed a soul eater
  8349 | D:11     | Killed a two-headed ogre
  8350 | D:11     | Reached skill level 10 in Armour
  8350 | D:11     | Reached skill level 1 in Shields
  8536 | D:11     | Noticed a two-headed ogre
  8543 | D:11     | Killed a two-headed ogre
  8544 | D:11     | Noticed Nergalle
  8545 | D:11     | Noticed Snorg
  8549 | D:11     | Noticed a two-headed ogre
  8551 | D:11     | Killed Nergalle
  8551 | D:11     | Received a gift from Trog
  8552 | D:11     | Reached skill level 17 in Axes
  8552 | D:11     | Reached XP level 12. HP: 86/108 MP: 11/11
  8552 | D:11     | Noticed Gastronok
  8560 | D:11     | Killed Snorg
  8560 | D:11     | Killed a two-headed ogre
  8561 | D:11     | Reached skill level 1 in Stealth
  8570 | D:11     | Killed Gastronok
  8816 | D:11     | Identified the ring "Ocliduat" {rF+ AC+4 Int+4}
  9485 | D:12     | Reached skill level 18 in Axes
  9592 | D:12     | Noticed a two-headed ogre
  9595 | D:12     | a two-headed ogre changed into a faun
  9748 | D:12     | Noticed a great orb of eyes
  9757 | D:12     | Killed a great orb of eyes
  9804 | D:12     | Noticed an ogre mage
  9807 | D:12     | Killed an ogre mage
 10120 | D:12     | Reached XP level 13. HP: 115/117 MP: 12/12
 10243 | D:12     | Found a staircase to the Orcish Mines.
 10526 | D:13     | Reached skill level 19 in Axes
 10613 | D:13     | Identified the +3 chain mail of Cysotiva {Dex+2}
 11038 | D:13     | Found a gate to the Vaults.
 11356 | D:13     | Received a gift from Trog
 11806 | D:14     | Reached skill level 10 in Dodging
 11819 | D:14     | Reached skill level 20 in Axes
 12098 | D:14     | Reached XP level 14. HP: 118/127 MP: 13/13
 12276 | D:14     | Found an ornate altar of the Wu Jian Council.
 12646 | D:15     | Entered Level 15 of the Dungeon
 12724 | D:15     | Reached ****** piety under Trog
 12725 | D:15     | Found a staircase to the Depths.
 12736 | D:15     | Received a gift from Trog
 12738 | D:15     | Reached skill level 21 in Axes
 12823 | D:15     | Found Xuivvui's General Store.
 12959 | D:15     | Bought a potion of lignification for 39 gold pieces
 13354 | D:15     | Noticed Tinttamiau's ghost (journeyman HuAr)
 13360 | D:15     | Found a transporter.
 13395 | D:15     | Found a transporter.
 13449 | D:15     | Found a runed translucent door.
 13922 | D:15     | Killed Tinttamiau's ghost
 14103 | Lair:1   | Entered Level 1 of the Lair of Beasts
 15047 | Lair:2   | Found a runed translucent gate.
 15048 | Lair:2   | Found a runed translucent gate.
 15048 | Lair:2   | Identified the +0 robe of Agnosticism {rF- rC++}
 15048 | Lair:2   | Noticed Wyvric's ghost (adept DgHu)
 15055 | Lair:2   | Found a runed translucent gate.
 15061 | Lair:2   | Reached XP level 15. HP: 138/138 MP: 14/14
 15145 | Lair:2   | Noticed Amaemon
 15150 | Lair:2   | Killed Amaemon
 15215 | Lair:2   | Noticed Erica
 15221 | Lair:2   | Killed Erica
 15253 | Lair:2   | Found a staircase to the Shoals.
 15297 | Lair:2   | Found a white marble altar of Elyvilon.
 15634 | Lair:2   | Reached skill level 22 in Axes
 15638 | Lair:2   | Identified the +1 sling of Tausche {antimagic, rCorr
                  | Stlth+}
 15969 | Lair:2   | Killed Wyvric's ghost
 16172 | Lair:3   | Found a hole to the Spider Nest.
 16282 | Lair:3   | Received a gift from Trog
 17728 | Lair:4   | Found a runed translucent door.
 17729 | Lair:4   | Noticed Urug
 18089 | Lair:4   | Killed Urug
 18159 | Lair:5   | Entered Level 5 of the Lair of Beasts
 18166 | Lair:5   | Reached skill level 5 in Shields
 18565 | Lair:5   | Reached skill level 15 in Fighting
 18566 | Lair:5   | Received a gift from Trog
 18594 | Lair:5   | Reached skill level 23 in Axes
 18611 | Lair:5   | Reached skill level 15 in Armour
 18824 | Lair:5   | Reached XP level 16. HP: 149/149 MP: 15/15
 19370 | Lair:5   | Found a viscous altar of Jiyva.
 19370 | Lair:5   | Found a staircase to the Slime Pits.
 19543 | D:8      | Bought a ring of flight for 245 gold pieces
 19651 | Shoals:1 | Entered Level 1 of the Shoals
 20422 | Shoals:1 | Identified the serpent talisman "Vabaw" {Will+ rCorr Dex-5
                  | Stlth+}
 20422 | Shoals:1 | Noticed Aizul
 20433 | Shoals:1 | Killed Aizul
 21634 | Shoals:2 | Noticed a kraken
 21652 | Shoals:2 | Killed a kraken
 21699 | Shoals:2 | Received a gift from Trog
 22050 | Shoals:3 | Found a flickering gateway to a bazaar.
 22062 | Bazaar   | Entered a bazaar
 22069 | Bazaar   | Found Orox's Book Shop.
 22083 | Bazaar   | Found Pugasol's Book Boutique.
 22099 | Bazaar   | Found Xuuruyru's Distillery.
 22115 | Bazaar   | Found Unurph's Assorted Antiques.
 22129 | Bazaar   | Found Nirphyos's Antique Armour Shop.
 22155 | Bazaar   | Found Oxapniv's Weapon Shop.
 22250 | Bazaar   | Bought a potion of curing for 30 gold pieces
 22250 | Bazaar   | Bought a potion of invisibility for 80 gold pieces
 22250 | Bazaar   | Bought a potion of ambrosia for 80 gold pieces
 22250 | Bazaar   | Bought a potion of heal wounds for 50 gold pieces
 22250 | Bazaar   | Bought a potion of resistance for 100 gold pieces
 22250 | Bazaar   | Bought a potion of curing for 30 gold pieces
 22445 | Shoals:3 | Noticed Nikola
 22454 | Shoals:3 | Killed Nikola
 22617 | Shoals:3 | Identified the +5 rapier of Vuih {flame, rCorr Int+3 Dex+2}
 23205 | Shoals:4 | Entered Level 4 of the Shoals
 23205 | Shoals:4 | Noticed Polyphemus
 23205 | Shoals:4 | Found a blossoming altar of Fedhas.
 23287 | Shoals:4 | Paralysed by an air elemental for 1 turns
 23535 | Shoals:4 | Paralysed by an air elemental for 1 turns
 23537 | Shoals:4 | Paralysed by an air elemental for 1 turns
 23542 | Shoals:4 | Reached skill level 24 in Axes
 23578 | Shoals:4 | Killed Polyphemus
 23828 | Shoals:4 | Paralysed by an air elemental for 1 turns
 23938 | Shoals:4 | Paralysed by an air elemental for 1 turns
 24412 | Shoals:4 | Received a gift from Trog
 24472 | Shoals:4 | Noticed a storm dragon
 24500 | Shoals:4 | Killed a storm dragon
 24537 | Shoals:4 | Reached XP level 17. HP: 92/158 MP: 16/16
 24789 | Shoals:4 | Paralysed by an air elemental for 1 turns
 25036 | Shoals:4 | Got a barnacled rune of Zot
 25066 | Shoals:4 | Paralysed by an air elemental for 1 turns
 25075 | Shoals:4 | Received a gift from Trog
 25077 | Shoals:4 | Paralysed by an air elemental for 1 turns
 25081 | Shoals:4 | Paralysed by an air elemental for 1 turns
 26192 | Spider:1 | Entered Level 1 of the Spider Nest
 26211 | Spider:1 | Noticed Sadicadict's ghost (adept HOFi)
 26214 | Spider:1 | Found a runed translucent gate.
 26214 | Spider:1 | Found a runed translucent gate.
 26214 | Spider:1 | Found a runed translucent gate.
 26887 | Spider:1 | Killed Sadicadict's ghost
 26896 | Spider:1 | Identified the +1 hat "Lurul" {Regen+ Str+3}
 27614 | Spider:2 | Received a gift from Trog
 27655 | Spider:2 | Reached skill level 25 in Axes
 28083 | Spider:3 | Noticed Arachne
 28091 | Spider:3 | Killed Arachne
 28412 | Spider:4 | Entered Level 4 of the Spider Nest
 28540 | Spider:4 | Reached XP level 18. HP: 170/170 MP: 17/17
 29310 | Spider:4 | Received a gift from Trog
 29359 | Spider:4 | Reached skill level 15 in Dodging
 29715 | Spider:4 | Identified the orb of Purpose {*Rage, rC+ Str+6}
 29723 | Spider:4 | Got a gossamer rune of Zot
 30703 | Vaults:1 | Entered Level 1 of the Vaults
 31330 | Vaults:1 | Found Isoen's Weapon Shoppe.
 31651 | Vaults:1 | Received a gift from Trog
 31991 | Vaults:1 | Found Uptiffas's Jewellery Shop.
 31998 | Vaults:1 | Bought the necklace of Bloodlust {Fury *Rage Will++ Int-3
                  | Slay+6} for 453 gold pieces
 31998 | Vaults:1 | Found the necklace of Bloodlust {Fury *Rage Will++ Int-3
                  | Slay+6}
 31998 | Vaults:1 | Bought the ring of Ifeic {Fly rPois rF- Dex+3 Stlth+} for
                  | 312 gold pieces
 33051 | Vaults:1 | Reached XP level 19. HP: 181/181 MP: 18/18
 33152 | Vaults:2 | Received a gift from Trog
 33153 | Vaults:2 | Reached skill level 26 in Axes
 33296 | Vaults:2 | Identified the +0 rapier "Giantbane" {heavy, Fly rElec
                  | rPois Int+4}
 33511 | Vaults:2 | Noticed Bai Suzhen
 33519 | Vaults:2 | Killed Bai Suzhen
 33807 | Vaults:2 | Found a staircase to the Crypt.
 33828 | Vaults:2 | You are sucked into a shaft and drop 2 floors!
 33995 | Vaults:4 | Received a gift from Trog
 34331 | Vaults:4 | Found Acsutz's Antique Armour Boutique.
 34712 | Vaults:4 | Received a gift from Trog
 36120 | Vaults:3 | Reached XP level 20. HP: 193/193 MP: 19/19
 36383 | Vaults:3 | Reached skill level 27 in Axes
 36672 | Vaults:3 | Identified the ring "Suwyab" {Ice Slay+2}
 36774 | Vaults:3 | Noticed Zenata
 36783 | Vaults:3 | Killed Zenata
 36925 | Vaults:3 | Identified the +5 triple sword of Action {freeze, Str+5
                  | Int+2}
 37015 | Vaults:3 | Noticed Sojobo
 37018 | Vaults:3 | Identified the +0 war axe of Nydijebb {flame, rC++ Dex-2
                  | SInv} (Trog gifted it to you on level 3 of the Vaults)
 37018 | Vaults:3 | Received a gift from Trog
 37021 | Vaults:3 | Killed Sojobo
 37122 | Vaults:3 | Identified the +2 scale mail of Going Fast {rN++ Dex+2}
 37588 | Vaults:3 | Noticed Asterion
 37592 | Vaults:3 | Killed Asterion
 37734 | Vaults:2 | Noticed Norris
 37741 | Vaults:2 | Killed Norris
 38394 | Vaults:2 | Received a gift from Trog
 38783 | Vaults:2 | Identified the +1 trident of Aqol Nufunn {heavy, rF+}
 39202 | Vaults:5 | Entered Level 5 of the Vaults
 39725 | Vaults:5 | Noticed a golden dragon
 39772 | Vaults:4 | Reached XP level 21. HP: 162/207 MP: 20/20
 40342 | Vaults:5 | Identified the +8 hand axe "Cyacutat" {freeze, rElec rPois
                  | Will- Stlth+}
 40345 | Vaults:5 | Killed a golden dragon
 40524 | Vaults:5 | Identified the ring of Vulyih {Wiz Str+3 SInv}
 40530 | Vaults:5 | Received a gift from Trog
 40744 | Vaults:5 | Identified the staff "Wosumos" {rPois Str+3 Int+5 Earth}
 40864 | Vaults:5 | Found Oheev's Weapon Boutique.
 41493 | Vaults:5 | Identified the +3 ring mail "Luivah" {rPois rC- rN+}
 41705 | Vaults:5 | Got a silver rune of Zot
 41990 | Vaults:5 | Identified the staff of Ruigeic {rPois rF+ rC+ Necro Fire}
 42785 | Crypt:1  | Entered Level 1 of the Crypt
 42794 | Crypt:1  | Received a gift from Trog
 43177 | Depths:1 | Entered Level 1 of the Depths
 43682 | Depths:1 | Found a stormy altar of Qazlal.
 43776 | Depths:1 | Found a one-way gate to the infinite horrors of the Abyss.
 43818 | Depths:1 | Found a gateway to Hell.
 44327 | Depths:1 | Found a one-way gateway to a ziggurat.
 44824 | Zig:1    | Entered Level 1 of a ziggurat
 44866 | Zig:2    | Entered Level 2 of a ziggurat
 44900 | Zig:3    | Entered Level 3 of a ziggurat
 44902 | Zig:3    | Found the +6 Majin-Bo {spellvamp, MP+6 Int+6}
 44909 | Zig:3    | Reached XP level 22. HP: 224/224 MP: 21/21
 44910 | Zig:3    | Received a gift from Trog
 44940 | Zig:4    | Entered Level 4 of a ziggurat
 44955 | Zig:4    | HP: 7/224 [Hell Sentinel (19)]
 44960 | Zig:4    | HP: 3/224 [Hell Sentinel (13)]
 44960 | Zig:4    | Mangled by a crystal echidna

Illustrated notes

Levels and vault maps discovered:
D:1:      roderic_crop_circles_arrival_small, layout_rooms, st_stairs_7,
          chequers_jeans
D:2:      minmay_angry_zag, layout_basic, minmay_misc_feat_four_crosses
D:3:      layout_rooms, lemuel_round_altar, hellmonk_ecumenical_altar_zigzags,
          lexackson_kobold_supper
D:4:      wander_river, layout_basic, kennysheep_slug_shrine,
          nicolae_shop_clearance
D:5:      layout_rooms, minmay_temple_entry_grid
D:6:      layout_basic, nicolae_overflow_hidden_temple,
          minmay_misc_feat_secret_circle, grunt_ministairs_15,
          dreamdust_wishing_well, uniq_edmund, uniq_menkaure
D:7:      layout_rooms, mainiacjoe_overflow_catwalk, nicolae_eternal_life,
          uniq_maggie
D:8:      layout_basic, kennysheep_mini_moat, serial_shops,
          nicolae_shop_just_a_little_nook, serial_bayou_pond_e,
          minmay_misc_feat_room, uniq_joseph, uniq_psyche
D:9:      layout_roguey, minmay_misc_feat_columns, kennysheep_small_square
D:10:     layout_irregular_city, grunt_temple_overflow_opulence,
          due_lair_maze_entry_diamond, hellmonk_guarded_unrand_lears,
          uniq_erolcha, uniq_lodul, uniq_fannar
D:11:     layout_basic, st_stairs_5, uniq_snorg, uniq_gastronok, uniq_nergalle
D:12:     nicolae_aperiodic_l_corner, layout_grid_maze,
          minmay_orc_entry_guard_dogs, st_stairs_6
D:13:     layout_stronghold, grunt_vaults_entry_fortified,
          gauntlet_entry_generic, moated_statue
D:14:     layout_loops_ring, nzn_wu_jian_contemplation
D:15:     gammafunk_enter_depths_forms, layout_irregular_city,
          gammafunk_ghost_stat_death, serial_shops, nicolae_shop_peninsula,
          minmay_hidden_floor
Lair:1:   layout_cave_pods, serial_bayou_pond_b, infiniplex_staircase_pool_2
Lair:2:   layout_cave_pods, minmay_shoals_entry_centaurs, gammafunk_ghost_split,
          basic_altar, serial_bayou_shore_b, uniq_erica, uniq_amaemon
Lair:3:   pond_and_an_island_with_a_cottage, layout_concentric_octagons,
          spider_nest_entry_web_field
Lair:4:   layout_regular_city, minmay_stone_trees_large, pf_torpor_hydra,
          serial_bayou_shore_a, lemuel_fruit_fields, uniq_urug
Lair:5:   hangedman_lair_in_review, layout_gridlike, dpeg_slime_entry_enclosed,
          st_stairs_12
Shoals:1: layout_shoals, uniq_aizul
Shoals:2: layout_shoals
Shoals:3: layout_shoals, serial_shops, bzr_entry_water, uniq_nikola
Shoals:4: shoals_end_hellmonk_storm_palace [storm_palace_center_ruins,
          storm_palace_corner_altar, storm_palace_corner_pillars,
          storm_palace_corner_reverse_hut, storm_palace_corner_blocked],
          uniq_polyphemus
Spider:1: layout_spider_delve, gammafunk_ghost_split,
          nicolae_spider_webs_and_nodes
Spider:2: layout_spider_delve, einodemon_crawler_minivault
Spider:3: layout_spider_delve, uniq_arachne
Spider:4: spider_rune_water
Vaults:1: hangedman_vaults_stream, nicolae_vaults_diamond_1,
          nicolae_vaults_surprise_closet, vaults_mumra_chevron_long,
          nicolae_vaults_tetromino_Z_1, v_alt_pattern_4, v_misc_30,
          nicolae_vaults_tangram_2, dpeg_vaults_monster_box,
          nicolae_vaults_taking_the_gang_shopping, vaults_mumra_hex,
          vaults_mumra_chevron, nicolae_vaults_diamond_1,
          hangedman_vaults_corner_blocks, nicolae_vaults_little_squares_6,
          layout_vaults_ring, serial_shops, shop
Vaults:2: vaults_standard_mumra_lines, minmay_crypt_entry_simple_walls,
          hangedman_vaults_capsules, v_rooms_2, v_alt_pattern_2,
          nicolae_vaults_network_s, layout_vaults_omnigrid, uniq_bai_suzhen,
          uniq_norris
Vaults:3: nicolae_vaults_trapezoid_3, nicolae_vaults_double_plus_1,
          serial_library_regret_index_small_wings, vaults_dpeg_ring,
          nicolae_vaults_sealed_display, nicolae_vaults_puzzle_piece,
          nicolae_vaults_tetromino_T_1, nicolae_vaults_stairing_the_circle,
          nicolae_vaults_windows_and_doors_thing,
          nicolae_vaults_closet_pinwheel_6, ontoclasm_vaults_shuriken,
          nicolae_vaults_surprise_closet_hard, nicolae_vaults_double_plus_1,
          v_misc_15, ontoclasm_vaults_ligature, layout_vaults_omnibox,
          uniq_zenata, uniq_asterion, uniq_sojobo
Vaults:4: v_misc_11, minmay_orc_keep, v_rooms_4, st_more_cells, v_misc_16,
          vaults_room_ringed_pool, nicolae_vaults_double_plus_1,
          vaults_room_hallway, nicolae_vaults_alarming,
          nicolae_vaults_little_squares_4, nicolae_vaults_house_2,
          vaults_room_mumra_shop_pool, nicolae_vaults_six-pack,
          layout_vaults_big_room
Vaults:5: serial_shops
Crypt:1:  layout_gridlike, chequers_hall_statues_y, st_stairs_7,
          st_shrine_of_skulls, uniq_xtahua
Depths:1: layout_gridlike, enter_ziggurat_b, hell_entry, hangedman_decor_push,
          abyss_entry_crystal, minmay_misc_feat_tiny, hangedman_decor_opposing,
          grunt_decor_fettered, grunt_qazlal_sundering
Zig:4

Skill      XL: |  1  2  3  4  5  6  7  8  9 10 11 12 13 14 15 16 17 18 19 20 21 |
---------------+----------------------------------------------------------------+-----
Fighting       | 4 5 6 7 8 9 10 11 12 14 15 16 17 18 20 22 24 | 24.4
Axes           | 4 5 6 8 9 11 13 15 17 18 20 21 23 24 25 26 27 | 27.0
Armour         | 5 7 8 10 11 12 13 15 16 17 18 19 21 22 | 22.8
Dodging        | 3 5 7 9 10 11 12 13 14 15 16 17 18 | 18.4
Shields        | 1 2 4 5 6 7 |  7.3
Stealth        | 1 2 3 4 |  4.9

Action                     |  1- 3 |  4- 6 |  7- 9 | 10-12 | 13-15 | 16-18 | 19-21 | 22-24 || total
---------------------------+-------+-------+-------+-------+-------+-------+-------+-------++-------
  Melee: Hand axe          |    77 |   173 |    23 |       |       |       |       |       ||   273
         Headbutt          |    14 |    27 |    15 |    45 |   137 |   173 |   178 |     3 ||   592
         Punch             |     1 |       |       |       |       |       |       |       ||     1
         Executioner's axe |       |       |    92 |   265 |   567 |   697 |   580 |     4 ||  2205
 Invoke: Berserk           |       |       |     1 |     2 |     1 |     4 |       |       ||     8
         Brothers in Arms  |       |       |       |       |     3 |     3 |       |       ||     6
  Evoke: Wand              |       |       |       |       |     6 |     5 |     1 |       ||    12
    Use: Potion            |       |     1 |     3 |     9 |     1 |     9 |       |     9 ||    32
         Scroll            |       |       |    11 |     6 |     5 |     3 |     1 |       ||    26
   Stab: Petrified         |       |       |       |       |     4 |       |       |       ||     4
         Petrifying        |       |       |       |       |     1 |       |       |       ||     1
         Distracted        |       |       |       |       |     1 |    16 |    14 |       ||    31
         Sleeping          |       |       |       |       |       |       |     1 |       ||     1
 Armour: Animal skin       |     8 |       |       |       |       |       |       |       ||     8
         Plate armour      |    45 |   140 |   100 |   122 |       |       |       |       ||   407
         Chain mail        |       |       |       |   141 |   478 |   656 |   576 |    24 ||  1875
  Dodge: Dodged            |    39 |    51 |    37 |   163 |   307 |   405 |   458 |    12 ||  1472
  Block: Other             |       |       |       |    43 |    97 |   100 |       |       ||   240
         Reflection        |       |       |       |       |    11 |    13 |       |       ||    24

Table legend: (Time is in decaauts)
 A = Elapsed time spent in this place.
 B = Non-inter-level travel time spent in this place.
 C = Inter-level travel time spent in this place.
 D = Time resting spent in this place.
 E = Time spent auto-exploring this place.
 F = Levels seen in this place.
 G = Mean time per level.
                   A        B        C        D        E       F      G
               +--------+--------+--------+--------+--------+-----+--------+
         Total |  45734 |  41832 |   3902 |  12148 |  23068 |  40 | 1143.3 |
       Dungeon |  15185 |  13808 |   1377 |   2576 |   9013 |  15 | 1012.3 |
          Lair |   5666 |   5019 |    647 |    458 |   3916 |   5 | 1133.2 |
        Shoals |   6114 |   5513 |    601 |   2073 |   2669 |   4 | 1528.5 |
   Spider Nest |   4179 |   3914 |    265 |    525 |   2780 |   4 | 1044.8 |
        Vaults |  12831 |  11868 |    963 |   5944 |   4102 |   5 | 2566.2 |
         Crypt |     15 |     10 |      5 |      0 |      0 |   1 |   15.0 |
        Depths |   1333 |   1292 |     41 |    479 |    586 |   1 | 1333.0 |
      Ziggurat |    154 |    154 |      0 |     91 |      0 |   4 |   38.5 |
        Bazaar |    254 |    254 |      0 |      0 |      0 |   1 |  254.0 |
               +--------+--------+--------+--------+--------+-----+--------+

Top non-repeatable levels by time:
Vaults:4: 3627 daAuts
Vaults:5: 2545 daAuts
Vaults:1: 2458 daAuts
Vaults:2: 2457 daAuts
    D:15: 1934 daAuts
Spider:4: 1931 daAuts
Shoals:4: 1850 daAuts
Vaults:3: 1743 daAuts
Shoals:3: 1700 daAuts
Shoals:1: 1639 daAuts
     D:6: 1401 daAuts
Depths:1: 1333 daAuts
    D:13: 1236 daAuts
  Lair:5: 1235 daAuts
    D:12: 1231 daAuts
